[Event "Late-Titled-Tuesday-Blitz-April-23-2024"]
[Site "Chess.com"]
[Date "2024.04.23"]
[Round "3"]
[White "alexrustemov"]
[Black "Noki102"]
[Result "1-0"]
[WhiteElo "2845"]
[BlackElo "2525"]
[TimeControl "180+1"]
[EndTime "14:27:02 PDT"]
[Termination "alexrustemov won by resignation"]

1. d4 d5 2. c4 e6 3. Nc3 Bb4 4. Nf3 Nf6 5. Bg5 h6 6. Bxf6 Qxf6 7. e3 O-O 8. Qb3 a5 9. cxd5 exd5 10. Qxd5 Be6 11.
Qxb7 Nd7 12. Bd3 Rfd8 13. O-O Rab8 14. Qe4 g6 15. Nd5 Qg7 16. Nxb4 Rxb4 17. Qf4 c5 18. b3 cxd4 19. Nxd4 Nc5 20. Be2 Rd5 21. Rac1 a4 22.
Nxe6 Nxe6 23. Qxb4 1-0

[Event "Late-Titled-Tuesday-Blitz-April-23-2024"]
[Site "Chess.com"]
[Date "2024.04.23"]
[Round "3"]
[White "ploxoi"]
[Black "Vladimir_2020"]
[Result "0-1"]
[WhiteElo "2420"]
[BlackElo "2767"]
[TimeControl "180+1"]
[EndTime "14:27:06 PDT"]
[Termination "Vladimir_2020 won by resignation"]

1. d4 d5 2. Nf3 Nf6 3. c4 e6 4.
g3 Be7 5. Bg2 O-O 6. O-O c6 7.
Qc2 b6 8. Ne5 Bb7 9. Nc3 Nbd7 10. Bf4 Nxe5 11. dxe5 Nd7 12. Rfd1 g5 13. Be3 Nxe5 14.
cxd5 cxd5 15. Bd4 Ng6 16. e4 e5 17. Be3 d4 18. Ne2 Qc8 19. Qxc8 Raxc8 20. Bd2 Rc2 21.
b3 Rfc8 22. f4 gxf4 23. gxf4 exf4 24. Nxd4 Bc5 25. Be1 Rd8 26. Bf2 Rxf2 27. Kxf2 Rxd4 28. Kf3 Bxe4+ 0-1

[Event "Late-Titled-Tuesday-Blitz-April-23-2024"]
[Site "Chess.com"]
[Date "2024.04.23"]
[Round "3"]
[White "CaspiIsrael"]
[Black "ATM622"]
[Result "1-0"]
[WhiteElo "2704"]
[BlackElo "2508"]
[TimeControl "180+1"]
[EndTime "14:27:19 PDT"]
[Termination "CaspiIsrael won by resignation"]

1. d4 Nf6 2. c4 e6 3. Nf3 d5 4. g3 dxc4 5. Bg2 Bd7 6. O-O Bc6 7. a4 a6 8. Ne5 Bxg2 9. Kxg2 Be7 10. f3 O-O 11. Nxc4 c5 12. dxc5 Bxc5 13. Qxd8 Rxd8 14.
e4 Nc6 15. Bf4 Rd4 16. Nbd2 Rad8 17. Be3 b5 18. axb5 axb5 19. Bxd4 Rxd4 20. Nb3 bxc4 21. Nxd4 Nxd4 22. Ra8+ Bf8 23. Rc1 Nd7 24. Rxc4 e5 25. Rc7 Nc5 26. Rxc5 1-0

[Event "Late-Titled-Tuesday-Blitz-April-23-2024"]
[Site "Chess.com"]
[Date "2024.04.23"]
[Round "3"]
[White "sassassasss"]
[Black "Russian_berezka"]
[Result "0-1"]
[WhiteElo "2448"]
[BlackElo "2633"]
[TimeControl "180+1"]
[EndTime "14:27:26 PDT"]
[Termination "Russian_berezka won by resignation"]

1. e4 c5 2. g3 Nc6 3. Bg2 e6 4. Ne2 Nf6 5. Nbc3 d5 6. exd5 exd5 7. d4 cxd4 8. Nxd4 Bg4 9. Qd3 Bc5 10. Be3 Nxd4 11. Bxd4 Qe7+ 12. Kf1 Bxd4 13. Qxd4 Be6 14. Re1 O-O 15. Nxd5 Nxd5 16. Bxd5 Rad8 17. Re5 Rxd5 18.
Qxd5 Bxd5 19. Rxe7 Bxh1 20. Ke2 Bc6 21. Kd3 Rd8+ 22.
Kc3 Kf8 23. Rc7 Rd7 24. Rc8+ Ke7 25. b3 Rd8 26. Rc7+ Ke6 27. a4 Rf8 0-1

[Event "Late-Titled-Tuesday-Blitz-April-23-2024"]
[Site "Chess.com"]
[Date "2024.04.23"]
[Round "3"]
[White "Itay121"]
[Black "MuhittinBuker"]
[Result "1-0"]
[WhiteElo "2552"]
[BlackElo "2152"]
[TimeControl "180+1"]
[EndTime "14:27:32 PDT"]
[Termination "Itay121 won by resignation"]

1. e4 e5 2. Nc3 Nf6 3. f4 d5 4. Qe2 d4 5. fxe5 dxc3 6. exf6 Qxf6 7. bxc3 c5 8. Nf3 Bg4 9. Qb5+ Nc6 10. Be2 Bd6 11. e5 Bxe5 12. Qxc5 Bd6 13. Qe3+ Kf8 14. O-O Re8 15. Qf2 h5 16. d4 h4 17. Bg5 Qg6 18. Bd3 Qh5 19. h3 Bxf3 20. Qxf3 Qxf3 21. Rxf3 Rh5 22.
Bd2 Kg8 23. Raf1 f6 24. Bg6 1-0

[Event "Late-Titled-Tuesday-Blitz-April-23-2024"]
[Site "Chess.com"]
[Date "2024.04.23"]
[Round "3"]
[White "cristianserban1"]
[Black "protectiago"]
[Result "1-0"]
[WhiteElo "2543"]
[BlackElo "2070"]
[TimeControl "180+1"]
[EndTime "14:27:33 PDT"]
[Termination "cristianserban1 won by resignation"]

1. Nf3 c5 2. b3 Nc6 3. Bb2 Nf6 4. c4 d6 5. d4 cxd4 6. Nxd4 Nxd4 7. Bxd4 e5 8. Bb2 Be7 9. g3 Bd7 10. Bg2 Bc6 11.
O-O O-O 12. Nc3 Rc8 13. Ba3 Qa5 14. Bb2 Rfd8 15. a3 Qb6 16. Rc1 Rd7 17. e4 Bf8 18. Bh3 Rcd8 19. Bxd7 Bxd7 20. Nd5 Nxd5 21. exd5 Bh3 22.
Re1 f5 23. b4 f4 24. Qh5 Bd7 25. gxf4 Be8 26. Qg4 Qd4 27. Bxd4 1-0

[Event "Late-Titled-Tuesday-Blitz-April-23-2024"]
[Site "Chess.com"]
[Date "2024.04.23"]
[Round "3"]
[White "js20000"]
[Black "sergoy"]
[Result "1/2-1/2"]
[WhiteElo "2735"]
[BlackElo "2934"]
[TimeControl "180+1"]
[EndTime "14:27:44 PDT"]
[Termination "Game drawn by agreement"]

1. b3 e5 2. Bb2 Nc6 3. e3 Nf6 4.
Bb5 Bd6 5. Nf3 Qe7 6. O-O e4 7.
Ne1 Be5 8. Nc3 d5 9. f4 Bd6 10. Ne2 Bd7 11. c4 dxc4 12. bxc4 a6 13. Ba4 h5 14.
Nc2 h4 15. Ncd4 h3 16. g3 O-O 17. Nxc6 bxc6 18. Nd4 c5 19. Nc6 Qe8 20. Bxf6 gxf6 21. f5 Bxc6 22. Qg4+ Kh7 23. Qxh3+ Kg7 24. Qg4+ Kh7 25. Qh5+ Kg7 26. Qg4+ Kh7 27. Qh5+ Kg7 28. Bxc6 Qxc6 29. Qg4+ Kh7 30. Qh4+ Kg7 31. Qg4+ Kh7 32. Qh4+ 1/2-1/2

[Event "Late-Titled-Tuesday-Blitz-April-23-2024"]
[Site "Chess.com"]
[Date "2024.04.23"]
[Round "3"]
[White "ChessBrainiacOnTwitch"]
[Black "jefferyx"]
[Result "0-1"]
[WhiteElo "2805"]
[BlackElo "3110"]
[TimeControl "180+1"]
[EndTime "14:27:46 PDT"]
[Termination "jefferyx won by resignation"]

1. e4 e5 2. Nf3 Nc6 3. Bc4 Bc5 4. d3 Nf6 5. O-O d6 6. c3 h6 7. Nbd2 a5 8. Re1 O-O 9. h3 Be6 10. Bb5 Qb8 11. Nf1 Qa7 12. Be3 Bxe3 13. Nxe3 Ne7 14.
Ba4 Ng6 15. Bc2 a4 16. d4 c6 17. Qd2 Rad8 18. a3 Rfe8 19. Rad1 Qa5 20. d5 Bd7 21.
dxc6 Bxc6 22. Nf5 d5 23. exd5 Nxd5 24. Nxh6+ gxh6 25. Qxh6 e4 26. Rxe4 Nf6 27. Rxe8+ Bxe8 28. Re1 Qh5 29. Qe3 Bc6 30. Nd4 Re8 31. Qd2 Rxe1+ 32. Qxe1 Bd7 33. Qe3 Qe5 34. Bxg6 Qxe3 35. Bxf7+ Kxf7 36. fxe3 Ne4 37. g4 Nd2 38. Kf2 Nc4 39. Ke2 Nxb2 40.
Kd2 Nc4+ 0-1

[Event "Late-Titled-Tuesday-Blitz-April-23-2024"]
[Site "Chess.com"]
[Date "2024.04.23"]
[Round "3"]
[White "spiritof_stlouis"]
[Black "Thjop"]
[Result "0-1"]
[WhiteElo "2342"]
[BlackElo "2577"]
[TimeControl "180+1"]
[EndTime "14:27:46 PDT"]
[Termination "Thjop won by resignation"]

1. Nf3 Nf6 2. b3 g6 3. Bb2 Bg7 4. g3 d6 5. Bg2 e5 6. O-O O-O 7. d3 Re8 8. Nbd2 c5 9. e4 Nc6 10. Ne1 d5 11. exd5 Nxd5 12. a4 b6 13. Nc4 Bb7 14.
Qe2 Qd7 15. Nf3 f6 16. h3 Rad8 17. Rad1 a6 18. Kh2 b5 19. axb5 axb5 20. Ne3 Nd4 21. Qd2 Nxe3 22. fxe3 Ne6 23. Qf2 Qc7 24. Nd2 f5 25. Bxb7 Qxb7 26. e4 f4 27. Nf3 Nd4 28. Bxd4 fxg3+ 29. Qxg3 cxd4 30. h4 Bh6 31. Qg4 Bf4+ 32.
Kh3 Qc8 33. Rf2 Qxg4+ 34. Kxg4 Kg7 35. h5 Rf8 36. Rdf1 Be3 37. Rg2 Rf4+ 38. Kg3 Rdf8 39.
hxg6 hxg6 0-1

[Event "Late-Titled-Tuesday-Blitz-April-23-2024"]
[Site "Chess.com"]
[Date "2024.04.23"]
[Round "3"]
[White "RealPerangel"]
[Black "Levanzovsky"]
[Result "1-0"]
[WhiteElo "2702"]
[BlackElo "2508"]
[TimeControl "180+1"]
[EndTime "14:27:49 PDT"]
[Termination "RealPerangel won by resignation"]

1. e4 e5 2. d4 exd4 3. Qxd4 Nc6 4. Qe3 Nf6 5. Bd2 d6 6. c4 g6 7. Nc3 Bg7 8. O-O-O O-O 9. f3 Be6 10. Nh3 Ne5 11.
b3 c6 12. Nf4 Qa5 13. Kb1 Qb6 14. Qxb6 axb6 15. Be3 Nfd7 16. Nxe6 fxe6 17. Rxd6 Nc5 18. Bd2 Rfd8 19. Rxd8+ Rxd8 20. Kc2 Ned3 21. Bxd3 Nxd3 22. Ne2 b5 23. cxb5 cxb5 24. Be3 Nb4+ 25. Kb1 Rd3 26. Bc1 Rd8 27. a3 Nd3 28. Rd1 Rd7 29. Nf4 Nc5 30. Rxd7 Nxd7 31. Nxe6 Be5 32. f4 Bd6 33. e5 Be7 34. Nc7 Nc5 35. Kc2 Kf7 36. Nxb5 Ne6 37. g3 h5 38. b4 h4 39. Kd3 h3 40. Ke4 Ng7 41. Nd4 Nh5 42. Kf3 Bd8 43. Kg4 Bb6 44. Nf3 Ng7 45. Kxh3 1-0

[Event "Late-Titled-Tuesday-Blitz-April-23-2024"]
[Site "Chess.com"]
[Date "2024.04.23"]
[Round "3"]
[White "Good_Knight_Kiss"]
[Black "xberli"]
[Result "0-1"]
[WhiteElo "2453"]
[BlackElo "2635"]
[TimeControl "180+1"]
[EndTime "14:27:51 PDT"]
[Termination "xberli won by resignation"]

1. e4 e5 2. Nf3 Nc6 3. Bb5 a6 4. Ba4 f5 5. Nc3 fxe4 6. Nxe4 d5 7.
Nxe5 Qe7 8. d4 b5 9. Nxc6 Qxe4+ 10. Be3 bxa4 11. O-O Ne7 12. Re1 Qg6 13. Nxe7 Bxe7 14.
Qf3 Be6 15. Bf4 O-O 16. Qg3 Qxg3 17. Bxg3 Kf7 18. Re2 Bf6 19. Rae1 Bf5 0-1

[Event "Late-Titled-Tuesday-Blitz-April-23-2024"]
[Site "Chess.com"]
[Date "2024.04.23"]
[Round "3"]
[White "LUISMIGUELOV"]
[Black "LuisFSiles"]
[Result "0-1"]
[WhiteElo "2198"]
[BlackElo "2437"]
[TimeControl "180+1"]
[EndTime "14:27:55 PDT"]
[Termination "LuisFSiles won by resignation"]

1. e4 c5 2. d4 cxd4 3. c3 d5 4.
exd5 Qxd5 5. cxd4 Nc6 6. Nf3 e6 7. Nc3 Bb4 8. Be2 Nf6 9. O-O Qa5 10. Bd2 O-O 11. a3 Be7 12. Bd3 Rd8 13. Qc2 Qh5 14.
Be3 b6 15. Rad1 Bb7 16. h3 Rac8 17. Rfe1 Na5 18. Be2 Qg6 19. Qxg6 hxg6 20. Ne5 Nd5 21. Ne4 Nxe3 22. fxe3 Bxe4 23. Nxf7 Kxf7 24. Bg4 Bf5 25. Rf1 Kg8 0-1

[Event "Late-Titled-Tuesday-Blitz-April-23-2024"]
[Site "Chess.com"]
[Date "2024.04.23"]
[Round "3"]
[White "MagnusCarlsen"]
[Black "BardArtem"]
[Result "1-0"]
[WhiteElo "3227"]
[BlackElo "2821"]
[TimeControl "180+1"]
[EndTime "14:27:59 PDT"]
[Termination "MagnusCarlsen won by resignation"]

1. a3 a5 2. d4 Nf6 3. c4 e6 4. Nc3 d5 5. cxd5 exd5 6. Bg5 Be7 7. e3 O-O 8. Bd3 h6 9. Bh4 Re8 10. Nge2 c6 11. O-O Nbd7 12. a4 Ne4 13. Bxe7 Qxe7 14.
Re1 Ndf6 15. f3 Nxc3 16. Nxc3 Qb4 17. Qd2 Bd7 18. Qf2 Re7 19. Rad1 Rae8 20. h3 c5 21. Bc2 cxd4 22. Rxd4 Qxd4 23. exd4 Rxe1+ 24. Kh2 Rc1 25. Qd2 Rce1 26. Bd1 R1e7 27. Qf4 Bc6 28. Qd6 Re6 29. Qc7 b6 30. Bc2 R8e7 31. Qf4 Re1 32. Qb8+ Re8 33. Qxb6 R1e6 34. Bf5 Rd6 35. Qxa5 h5 36. Qc7 Red8 37.
b4 h4 38. b5 Be8 39. b6 g6 40. b7 gxf5 41. b8=R 1-0

[Event "Late-Titled-Tuesday-Blitz-April-23-2024"]
[Site "Chess.com"]
[Date "2024.04.23"]
[Round "3"]
[White "whiteglovethief"]
[Black "aranibos"]
[Result "1-0"]
[WhiteElo "2564"]
[BlackElo "2261"]
[TimeControl "180+1"]
[EndTime "14:28:00 PDT"]
[Termination "whiteglovethief won by resignation"]

1. d4 d5 2. c4 c6 3. Nf3 Nf6 4.
e3 e6 5. Nbd2 Nbd7 6. Bd3 dxc4 7. Nxc4 Bb4+ 8. Bd2 Bxd2+ 9. Qxd2 O-O 10. O-O Nb6 11.
Nce5 h6 12. Rfd1 Nbd5 13. Rac1 a5 14. e4 Nb4 15. Bb1 Qb6 16. a3 Na6 17. Nc4 Qc7 18.
e5 Nd5 19. Qc2 f5 20. exf6 Nxf6 21. Nfe5 Bd7 22. Qb3 b5 23. Nxd7 Qxd7 24. Ne5 Qd5 25. Qg3 Rac8 26. Ng6 Rf7 27. Nf4 Qd6 28. Ba2 Re8 29.
Re1 Nc7 30. Nxe6 Qxg3 31. hxg3 Nfd5 32. Nxc7 Rxe1+ 33. Rxe1 Rxc7 34. Rc1 Rd7 35. Rxc6 Kf8 36. Rc5 Nf6 37. d5 Ng4 38. Rxb5 Rc7 39. Kf1 Rc2 40. d6 Ke8 41. Be6 Rc1+ 42. Ke2 1-0

[Event "Late-Titled-Tuesday-Blitz-April-23-2024"]
[Site "Chess.com"]
[Date "2024.04.23"]
[Round "3"]
[White "Akhayan"]
[Black "ritanovikova"]
[Result "1-0"]
[WhiteElo "2418"]
[BlackElo "2176"]
[TimeControl "180+1"]
[EndTime "14:28:00 PDT"]
[Termination "Akhayan won by resignation"]

1. e4 d5 2. exd5 Qxd5 3. Nc3 Qd6 4. d4 Nf6 5. g3 e6 6. Bg2 c6 7.
Bf4 Qb4 8. Ne2 Nbd7 9. O-O Nb6 10. a3 Qe7 11. a4 Nbd5 12. Nxd5 Nxd5 13. Bd2 Kd8 14. c4 Nf6 15. Bg5 h6 16. Bf4 g5 17. Be5 Bg7 18. d5 cxd5 19. cxd5 Ke8 20. dxe6 fxe6 21. Rc1 Nd7 22. Bxg7 Qxg7 23. Nd4 Nf6 24.
Re1 Qf7 25. Nf5 Kf8 26. Qd6+ Kg8 27. Rc7 Qf8 28. Ne7+ Kf7 29. Nxc8+ Kg6 30. Qd3+ Kh5 31. g4+ Nxg4 32. Qh3+ Kg6 33. Qxg4 1-0

[Event "Late-Titled-Tuesday-Blitz-April-23-2024"]
[Site "Chess.com"]
[Date "2024.04.23"]
[Round "3"]
[White "KebabJangles"]
[Black "wanyaland"]
[Result "0-1"]
[WhiteElo "2212"]
[BlackElo "2442"]
[TimeControl "180+1"]
[EndTime "14:28:04 PDT"]
[Termination "wanyaland won by resignation"]

1. d4 d5 2. c4 e6 3. Nf3 Nf6 4. Nc3 c6 5. Bf4 Nbd7 6. e3 Be7 7. h3 O-O 8. Bd3 dxc4 9. Bxc4 b5 10. Bd3 a6 11. a4 b4 12. Ne4 c5 13. dxc5 Nxc5 14.
Nxc5 Bxc5 15. O-O Bb7 16. Qe2 Qe7 17. Rfd1 Nd5 18. Bg3 f6 19. Rac1 e5 20. Qc2 Rac8 21. Bxh7+ Kh8 22. Bg6 Bxe3 23. Qf5 Rxc1 24. fxe3 Rxd1+ 25. Kh2 Nf4 26. Bxf4 Bxf3 27. gxf3 Rd2+ 28. Kg3 exf4+ 29.
exf4 Qe1+ 30. Kg4 Rg2+ 31. Kh5 Qg3 32. Qg4 Qxg4+ 33. fxg4 Rxb2 0-1

[Event "Late-Titled-Tuesday-Blitz-April-23-2024"]
[Site "Chess.com"]
[Date "2024.04.23"]
[Round "3"]
[White "baki83"]
[Black "Korchmar_Vasiliy"]
[Result "1-0"]
[WhiteElo "2904"]
[BlackElo "2706"]
[TimeControl "180+1"]
[EndTime "14:28:05 PDT"]
[Termination "baki83 won by resignation"]

1. e4 c5 2. Nf3 d6 3. Bb5+ Bd7 4. c4 Nc6 5. Nc3 Nf6 6. O-O e6 7. Re1 Be7 8. d4 cxd4 9. Nxd4 O-O 10. Be3 a6 11.
Bxc6 bxc6 12. c5 d5 13. e5 Ne8 14. Na4 Rb8 15. Qc2 Nc7 16. Nb6 Nb5 17. Nf3 Be8 18. a4 Nc7 19. b4 f6 20. Bf4 Bg6 21. Qc3 Be4 22. Nd4 fxe5 23. Bxe5 Bh4 24. g3 Bf6 25. Nxc6 Qe8 26. Nxb8 Qxb8 27. Nd7 Bxe5 28. Qxe5 1-0

[Event "Late-Titled-Tuesday-Blitz-April-23-2024"]
[Site "Chess.com"]
[Date "2024.04.23"]
[Round "3"]
[White "ferrufino64"]
[Black "toninhojit"]
[Result "1/2-1/2"]
[WhiteElo "2301"]
[BlackElo "2544"]
[TimeControl "180+1"]
[EndTime "14:28:05 PDT"]
[Termination "Game drawn by repetition"]

1. e4 c6 2. d4 d5 3. Nc3 dxe4 4. Nxe4 Bf5 5. Ng3 Bg6 6. h4 h6 7. Nf3 Nd7 8. h5 Bh7 9. Bd3 Bxd3 10. Qxd3 Ngf6 11.
Bd2 e6 12. Ne4 Nxe4 13. Qxe4 Nf6 14. Qe2 Qc7 15. O-O-O Bd6 16. g3 O-O-O 17. c4 c5 18. Bc3 Qc6 19. Ne5 Bxe5 20. dxe5 Qe4 21. Rde1 Qxe2 22. Rxe2 Nd7 23. Rh4 Nb8 24. Rg4 Rhg8 25. Re3 Nc6 26. Rf3 Rd7 27. Rf6 gxf6 28. Rxg8+ Kc7 29.
exf6 Nd4 30. Bxd4 Rxd4 31. Rg7 Rxc4+ 32. Kb1 Kd6 33. Rxf7 Ke5 34. Rf8 Re4 35. f7 Kf6 36. Rb8 Kxf7 37. Rxb7+ Kf6 38. Rxa7 Re1+ 39. Kc2 Re2+ 40.
Kc3 Rxf2 41. a4 Rf3+ 42. Kc4 Rxg3 43. a5 Rg2 44. b3 Rc2+ 45. Kb5 Rb2 46. Kc4 Rc2+ 47.
Kb5 Rb2 48. Kc4 Rc2+ 1/2-1/2

[Event "Late-Titled-Tuesday-Blitz-April-23-2024"]
[Site "Chess.com"]
[Date "2024.04.23"]
[Round "3"]
[White "Sandstad"]
[Black "NMJeevanK"]
[Result "0-1"]
[WhiteElo "2485"]
[BlackElo "2662"]
[TimeControl "180+1"]
[EndTime "14:28:06 PDT"]
[Termination "NMJeevanK won by resignation"]

1. d4 Nf6 2. c4 c5 3. d5 d6 4.
Nc3 e6 5. e4 exd5 6. exd5 g6 7.
Bd3 Bg7 8. h3 O-O 9. Be3 a6 10. a4 Nbd7 11. Nf3 Rb8 12. O-O Re8 13. Re1 Ne5 14. Nxe5 Rxe5 15. Bf4 Rxe1+ 16. Qxe1 Nh5 17. Bh2 Bf8 18. g4 Nf6 19. f3 Bd7 20. Qe2 Qa5 21. Bg3 b5 22. cxb5 axb5 23. Bxb5 Bxb5 24. Nxb5 Nxd5 25. Bxd6 Bxd6 26. Nxd6 Qc7 27. Nc4 Rb4 28. Qe5 Rxc4 29. Qxc7 Nxc7 30. a5 Na6 0-1

[Event "Late-Titled-Tuesday-Blitz-April-23-2024"]
[Site "Chess.com"]
[Date "2024.04.23"]
[Round "3"]
[White "dolynachess"]
[Black "Francisco_Ferrari"]
[Result "1-0"]
[WhiteElo "2554"]
[BlackElo "2196"]
[TimeControl "180+1"]
[EndTime "14:28:06 PDT"]
[Termination "dolynachess won by resignation"]

1. d4 Nf6 2. c4 e6 3. g3 d5 4. Bg2 Bb4+ 5. Nd2 O-O 6. Nf3 c6 7. O-O Nbd7 8. Qc2 b6 9. Rd1 Bb7 10. e4 dxe4 11. Nxe4 Nxe4 12. Qxe4 Nf6 13. Qe2 Qc8 14.
a3 Be7 15. b4 a5 16. Bd2 Rd8 17. Bc3 Qc7 18. Ne5 c5 19. dxc5 bxc5 20. b5 Bxg2 21. Kxg2 h5 22. Qf3 Rac8 23. Nc6 Rxd1 24. Rxd1 Ng4 25. h3 Nf6 26. Bxa5 Qb7 27. Bc3 Ra8 28. Nxe7+ 1-0

[Event "Late-Titled-Tuesday-Blitz-April-23-2024"]
[Site "Chess.com"]
[Date "2024.04.23"]
[Round "3"]
[White "PawnEatingZombie"]
[Black "PavlovDanila"]
[Result "0-1"]
[WhiteElo "2235"]
[BlackElo "2477"]
[TimeControl "180+1"]
[EndTime "14:28:07 PDT"]
[Termination "PavlovDanila won by resignation"]

1. e4 e6 2. d4 d5 3. exd5 exd5 4. Bf4 Nc6 5. Nc3 Bf5 6. Qd2 Bb4 7. f3 Nge7 8. g4 Bg6 9. h4 h5 10. O-O-O Qd7 11.
g5 O-O-O 12. Bd3 Bxd3 13. Qxd3 Qf5 14. Nge2 Qxd3 15. Rxd3 Nf5 16. Bd2 Rhe8 17. a3 Bxc3 18. Nxc3 Nce7 19. Be1 Ng6 20. Bf2 c6 21. Rdd1 Re6 22.
Kd2 Rde8 23. Rde1 Kd7 24. Rxe6 Rxe6 25. Ne2 a5 26. a4 b5 27. b3 bxa4 28. bxa4 Nd6 29.
Ng3 Nc4+ 30. Kc3 Nf4 31. Re1 Rxe1 32. Bxe1 Ng2 33. Bf2 Nxh4 34. Nxh5 Nxf3 35. Nxg7 Nxg5 36. Nf5 Ne4+ 0-1

[Event "Late-Titled-Tuesday-Blitz-April-23-2024"]
[Site "Chess.com"]
[Date "2024.04.23"]
[Round "3"]
[White "dropstoneDP"]
[Black "Sokoloco"]
[Result "1/2-1/2"]
[WhiteElo "3023"]
[BlackElo "2763"]
[TimeControl "180+1"]
[EndTime "14:28:09 PDT"]
[Termination "Game drawn by repetition"]

1. e4 d6 2. d4 g6 3. Nf3 Bg7 4. Be2 Nf6 5. Nc3 O-O 6. O-O a6 7. a4 Nc6 8. Bg5 h6 9. Be3 e5 10. dxe5 Ng4 11. Bc1 Ngxe5 12. Nxe5 dxe5 13. Qxd8 Rxd8 14. Nd5 Rd7 15. c3 Ne7 16. Nxe7+ Rxe7 17. Bc4 Be6 18. Bxe6 Rxe6 19. Rd1 Kf8 20. Be3 Ke8 21. g4 h5 22.
h3 Rd8 23. Rxd8+ Kxd8 24. Rd1+ Ke8 25. Kg2 hxg4 26. hxg4 Rd6 27. Rxd6 cxd6 28. c4 Bf6 29. b4 Bd8 30. Kf1 Kd7 31. Ke2 a5 32. b5 g5 33.
c5 dxc5 34. Bxc5 b6 35. Be3 f6 36. Kd3 Ke6 37. Kc4 Bc7 38. f3 Bd8 39. Bc1 Bc7 40.
Ba3 Bd6 41. Bc1 Bc5 42. Bd2 Bf2 43. Bc3 Be3 44. Be1 Bg1 45. Bc3 Be3 46. Be1 Bg1 47. Bc3 Be3 1/2-1/2

[Event "Late-Titled-Tuesday-Blitz-April-23-2024"]
[Site "Chess.com"]
[Date "2024.04.23"]
[Round "3"]
[White "PavelShkapenko"]
[Black "Zampronha1971"]
[Result "1-0"]
[WhiteElo "2759"]
[BlackElo "2441"]
[TimeControl "180+1"]
[EndTime "14:28:09 PDT"]
[Termination "PavelShkapenko won by resignation"]

1. e4 c5 2. Nc3 e6 3. g3 Nc6 4.
Bg2 g6 5. d3 Bg7 6. Be3 d6 7.
Nge2 Nd4 8. Qd2 Nf6 9. O-O Nxe2+ 10. Nxe2 Ng4 11. Bg5 f6 12. Bf4 e5 13. Be3 O-O 14. Nc3 Be6 15. a3 Qd7 16. b4 b6 17. Rfb1 Rab8 18. a4 c4 19. d4 Nxe3 20. fxe3 a6 21. Rd1 Rfd8 22. Qe2 Qc7 23. Bf3 Bh6 24. Kh1 Rbc8 25.
Rf1 Bg7 26. Bg4 Bxg4 27. Qxg4 Qb7 28. Nd5 f5 29. Qf3 exd4 30. exf5 gxf5 31. Nf6+ 1-0

[Event "Late-Titled-Tuesday-Blitz-April-23-2024"]
[Site "Chess.com"]
[Date "2024.04.23"]
[Round "3"]
[White "teresin05"]
[Black "alex1531"]
[Result "0-1"]
[WhiteElo "2319"]
[BlackElo "2519"]
[TimeControl "180+1"]
[EndTime "14:28:11 PDT"]
[Termination "alex1531 won on time"]

1. e4 c5 2. Nf3 e6 3. d4 cxd4 4. Nxd4 a6 5. c4 Nf6 6. Nc3 Bb4 7. Qd3 O-O 8. Bd2 Nc6 9. Nxc6 dxc6 10. a3 Bd6 11. f4 e5 12. f5 Bc5 13. O-O-O Ng4 14. Be1 Bd4 15. h3 Ne3 16. Rd2 b5 17. cxb5 axb5 18.
g4 b4 19. axb4 Ra1+ 20. Nb1 Ba6 21. Qxa6 Rxa6 22. Bxa6 Qb6 23. Bd3 Qxb4 24. Re2 Qc5+ 25. Bc2 Rb8 0-1

[Event "Late-Titled-Tuesday-Blitz-April-23-2024"]
[Site "Chess.com"]
[Date "2024.04.23"]
[Round "3"]
[White "Vladimir_Zakhartsov"]
[Black "temiksmozg"]
[Result "1-0"]
[WhiteElo "2919"]
[BlackElo "2711"]
[TimeControl "180+1"]
[EndTime "14:28:13 PDT"]
[Termination "Vladimir_Zakhartsov won by resignation"]

1. d4 d5 2. c4 e6 3. Nf3 Nf6 4. g3 Bb4+ 5. Bd2 Be7 6. Bg2 c6 7.
Qc2 a5 8. O-O O-O 9. Bf4 h6 10.
Ne5 b6 11. Nc3 Ba6 12. cxd5 cxd5 13. a4 Nfd7 14. Nb5 Nxe5 15. Bxe5 Nd7 16. Bc7 Qc8 17. Rfc1 Qb7 18. e4 Nf6 19. e5 Ne8 20. Nd6 Bxd6 21. exd6 Nxc7 22. dxc7 Rac8 23. Ra3 Rfe8 24. Rc3 Re7 25.
Rc6 Bc4 26. Rxc4 1-0

[Event "Late-Titled-Tuesday-Blitz-April-23-2024"]
[Site "Chess.com"]
[Date "2024.04.23"]
[Round "3"]
[White "GelmanAlexander"]
[Black "Durarbayli"]
[Result "0-1"]
[WhiteElo "2619"]
[BlackElo "2914"]
[TimeControl "180+1"]
[EndTime "14:28:13 PDT"]
[Termination "Durarbayli won by resignation"]

1. d4 d5 2. Nc3 Nf6 3. Bf4 c5 4. e3 cxd4 5. exd4 a6 6. Nf3 Bg4 7. h3 Bxf3 8. Qxf3 Nc6 9. O-O-O e6 10. g4 Rc8 11. g5 Nd7 12. h4 Qa5 13. Kb1 Nb4 14.
a3 Nc6 15. h5 Bxa3 16. bxa3 Qxa3 17. Bc1 Qb4+ 18. Bb2 Nxd4 19. Rh4 Qxb2+ 20. Kxb2 Nxf3 21. Rb4 b5 22. g6 hxg6 23. hxg6 f5 24. Bg2 Nh4 25. Bxd5 exd5 26. Nxd5 Nxg6 27. Rbd4 Nde5 28. f4 Nc4+ 29. Kc1 Kf7 30. Nb4 Rh2 31. Rd8 Rxd8 0-1

[Event "Late-Titled-Tuesday-Blitz-April-23-2024"]
[Site "Chess.com"]
[Date "2024.04.23"]
[Round "3"]
[White "WilsonPalencia21"]
[Black "ZachHKL"]
[Result "0-1"]
[WhiteElo "2516"]
[BlackElo "2293"]
[TimeControl "180+1"]
[EndTime "14:28:13 PDT"]
[Termination "ZachHKL won on time"]

1. d4 Nf6 2. c4 c6 3. Nf3 d5 4. Nc3 e6 5. Bg5 Nbd7 6. e3 Qa5 7. Nd2 Bb4 8. Qc2 h6 9. Bxf6 Nxf6 10. a3 Bxc3 11.
Qxc3 Qxc3 12. bxc3 b6 13. a4 Ba6 14. cxd5 Bxf1 15.
Rxf1 exd5 16. a5 Kd7 17. Ke2 Kc7 18. f3 Rhe8 19. Kd3 c5 20. Rfb1 Kc6 21. c4 cxd4 22.
exd4 Rad8 23. axb6 axb6 24. Ra6 Rb8 25. c5 Nd7 26.
Nf1 Ra8 27. Rxa8 Rxa8 28. cxb6 Ra3+ 29. Ke2 Nxb6 30. Ne3 Ra2+ 31. Kd3 Ra3+ 32. Kc2 Rxe3 0-1

[Event "Late-Titled-Tuesday-Blitz-April-23-2024"]
[Site "Chess.com"]
[Date "2024.04.23"]
[Round "3"]
[White "Mikhail_Bryakin"]
[Black "Hikaru"]
[Result "0-1"]
[WhiteElo "2824"]
[BlackElo "3312"]
[TimeControl "180+1"]
[EndTime "14:28:17 PDT"]
[Termination "Hikaru won by resignation"]

1. d4 a6 2. e4 b5 3. Bd3 e6 4. Nf3 c5 5. c3 Bb7 6. O-O d6 7. Qe2 Nd7 8. h3 Ngf6 9. Bf4 Be7 10. Nbd2 O-O 11. Rfe1 cxd4 12. cxd4 Nb6 13. b3 Nfd7 14. Rac1 Rc8 15. Be3 Rxc1 16. Rxc1 Qa8 17. Ne1 Re8 18.
f3 e5 19. d5 Nc5 20. Bb1 Nbd7 21. b4 Na4 22. Nb3 Rc8 23. Na5 Bd8 24. Nxb7 Rxc1 25.
Bxc1 Qxb7 26. Be3 Bb6 27. Kf2 Nc3 28. Qd3 Bxe3+ 29. Kxe3 Qb6+ 30. Kd2 Nxb1+ 31. Qxb1 Qf2+ 32. Kd1 Qd4+ 33. Ke2 Nb6 34. Nc2 Qc4+ 35. Kd2 f5 36. Ne3 Qd4+ 37. Ke2 Na4 38. Nd1 Qc4+ 39. Kf2 f4 40.
Qb3 Qc1 41. Ke2 Kf7 42. Kd3 Kg6 43. Ke2 Kg5 44. a3 Kh4 45. Kf2 Qd2+ 46. Kf1 Kg3 0-1

[Event "Late-Titled-Tuesday-Blitz-April-23-2024"]
[Site "Chess.com"]
[Date "2024.04.23"]
[Round "3"]
[White "TenisMaster"]
[Black "biostatistician"]
[Result "1-0"]
[WhiteElo "2965"]
[BlackElo "2738"]
[TimeControl "180+1"]
[EndTime "14:28:17 PDT"]
[Termination "TenisMaster won by resignation"]

1. e4 e5 2. Nf3 Nc6 3. Bc4 Bc5 4. c3 Nf6 5. d3 d6 6. Bg5 h6 7. Bh4 a6 8. a4 Ba7 9. Nbd2 g5 10.
Bg3 Nh5 11. b4 Nf4 12. O-O Ne7 13. Bxf4 gxf4 14. Qb3 Rh7 15. d4 Ng6 16. a5 Qf6 17.
Rad1 Rg7 18. Kh1 Bg4 19. b5 Rb8 20. b6 Bxb6 21. axb6 c6 22. dxe5 Nxe5 23. Be2 Bxf3 24. Nxf3 Qg6 25. Rg1 Ng4 26. Rdf1 Qxe4 27. Qd1 Kf8 28.
Qxd6+ 1-0